 Dungeon Crawl Stone Soup version 0.30-a0-857-gcaf7073 (webtiles) character file.

Game seed: 4931453932848151801

13 Illumine the Covered (level 2, -8/26 HPs)
             Began as a Meteoran Fighter on Mar 5, 2023.
             Mangled by Sigmund
             ... wielding a +0 scythe
              (9 damage)
             ... on level 2 of the Dungeon.
             The game lasted 00:00:45 (324 turns).

Illumine the Covered (Meteoran Fighter)              Turns: 324, Time: 00:00:45

Health: -8/26      AC:  7    Str: 17    XL:     2   Next: 70%
Magic:  3/3        EV:  9    Int:  9    God:
Gold:   29         SH:  5    Dex: 13    Spells: 1/1 levels left

rFire   . . .      SeeInvis .    a - +0 flail
rCold   . . .      Faith    .    c - +0 buckler
rNeg    . . .      Spirit   .    b - +0 scale mail
rPois   .          Reflect  .    (no helmet)
rElec   .          Rampage  .    (no cloak)
rCorr   .                        (no gloves)
Will    .....                    (no boots) Stlth
                                 (no amulet)
HPRegen 0.24/turn                (no ring)
MPRegen 0.08/turn                (no ring)

@: mighty, glowing
A: sense surroundings 1, otherworldly, glowing, explore regen
a: no special abilities


You were on level 2 of the Dungeon.
You visited 1 branch of the dungeon, and saw 2 of its levels.

You collected 29 gold pieces.

Inventory:

Hand Weapons
 a - a +0 flail (weapon)
Missiles
 f - 9 stones (quivered)
Armour
 b - a +0 scale mail (worn)
 c - a +0 buckler (worn)
Scrolls
 g - a scroll of summoning {unknown}
 h - a scroll of magic mapping {unknown}
Potions
 e - a potion of heal wounds {unknown}


   Skills:
 + Level 3.4 Fighting
 * Level 3.2 Maces & Flails
 + Level 3.8 Armour
 + Level 3.8 Shields


You had one spell level left.
You didn't know any spells.
Your spell library was empty.

Dungeon Overview and Level Annotations

Branches:
Dungeon (2/15) Zot: 863

Altars:

Annotations:
D:2 Sigmund


Innate Abilities, Weirdness & Mutations

You passively map a small area around you.
You are easily found by Zot.
You glow in the dark.
You regain HP and MP as you explore.


Message History

Throw: 8 stones
Press: ? - help, Q - select action Shift-Dir - straight line, f - kobold
Aim: a kobold, wielding a +0 short sword (50% to hit)
You throw a stone. The stone closely misses the kobold.
Throw: 7 stones
Press: ? - help, Q - select action Shift-Dir - straight line, f/p - kobold
Aim: a kobold, wielding a +0 short sword (50% to hit)
You throw a stone. The stone closely misses the kobold.
Throw: 6 stones
Press: ? - help, Q - select action Shift-Dir - straight line, f/p - kobold
Aim: a kobold, wielding a +0 short sword (50% to hit)
You throw a stone. The stone completely misses the kobold.
You barely miss the kobold. The kobold hits you but does no damage.
You thump the kobold!
You kill the kobold!
Things that are here:
a +0 short sword; a kobold corpse You now have 29 gold pieces (gained 14).
f - 9 stones (gained 4) Sigmund the Dreaded comes into view.
He is wielding a +0 scythe.
Sigmund shouts!
Sigmund casts a spell at you. You resist with significant effort.
You feel very mighty all of a sudden. Sigmund hits you with a +0 scythe.
You hit Sigmund.
Sigmund is lightly wounded.
You barely miss Sigmund.
Sigmund is lightly wounded.
Sigmund casts a spell.
Sigmund flickers and vanishes!
Deactivating autopickup; reactivate with Ctrl-A.
Something hits you!
You closely miss something. You closely miss something. Something hits you.
* * * LOW HITPOINT WARNING * * *
You thump something! Something hits you!
* * * LOW HITPOINT WARNING * * *
You sock something! Something hits you!
You die...

##. #.#
#.####.#.#
* * #* #.#
#........#
##.##
######.###
#...#
####.#
#...#
#....#
#...#
#<####
#.### #.#
* #.# *,
,... *
*#@# ##.#.
......{.#
#.#.# ,
#.#######
*#.# # ,
... , *
### * * ,
* *


There were no monsters in sight!

Vanquished Creatures
  An adder (D:2)
  An endoplasm (D:1)
  2 kobolds
  A bat (D:1)
5 creatures vanquished.

Notes
Turn   | Place    | Note
-------+----------+-------------------------------------------
     0 | D:1      | Illumine the Meteoran Fighter began the quest for the Orb.
     0 | D:1      | Reached XP level 1. HP: 19/19 MP: 2/2
   244 | D:2      | Reached XP level 2. HP: 26/26 MP: 3/3
   314 | D:2      | Noticed Sigmund
   323 | D:2      | HP: 1/26 [something (7)]
   324 | D:2      | Mangled by Sigmund

Illustrated notes

Levels and vault maps discovered:
D:1:      giann_bridges, layout_basic,
          hellmonk_ecumenical_altar_pennies_from_heaven
D:2:      layout_loops_corners, uniq_sigmund, uniq_robin

Skill      XL: |  1 |
---------------+----+-----
Maces & Flails | 3 |  3.2
Fighting       | |  3.4
Armour         | |  3.8
Shields        | |  3.8

Action                     || total
---------------------------++-------
  Melee: Flail             ||    37
  Throw: Stone             ||     5
    Use: Potion            ||     1
 Armour: Scale mail        ||    18
  Dodge: Dodged            ||    13
  Block: Buckler           ||    10

Table legend: (Time is in decaauts)
 A = Elapsed time spent in this place.
 B = Non-inter-level travel time spent in this place.
 C = Inter-level travel time spent in this place.
 D = Time resting spent in this place.
 E = Time spent auto-exploring this place.
 F = Levels seen in this place.
 G = Mean time per level.
                   A        B        C        D        E       F      G
               +--------+--------+--------+--------+--------+-----+--------+
         Total |    335 |    328 |      7 |     76 |    160 |   2 |  167.5 |
       Dungeon |    335 |    328 |      7 |     76 |    160 |   2 |  167.5 |
               +--------+--------+--------+--------+--------+-----+--------+

Top non-repeatable levels by time:
     D:1: 237 daAuts
     D:2: 98 daAuts
